 Dungeon Crawl Stone Soup version 0.26-a0-113-gd8a95b691d (webtiles) character file.

Game seed: 17181761361288452659

25 mrtonic the Conjurer (level 2, -3/20 HPs)
             Began as a Draconian Conjurer on June 25, 2020.
             Slain by a gnoll
             ... wielding a +0 club
              (9 damage)
             ... on level 2 of the Dungeon.
             The game lasted 00:03:15 (1301 turns).

mrtonic the Conjurer (Draconian Conjurer)           Turns: 1301, Time: 00:03:16

Health: -3/20      AC:  4    Str: 10    XL:     2   Next: 86%
Magic:  2/5        EV: 12    Int: 15    God:
Gold:   36         SH:  0    Dex: 11    Spells: 2/5 levels left

rFire    . . .     SeeInvis .   c - +0 short sword
rCold    . . .     Faith    .   (no shield)
rNeg     . . .     Spirit   .   (armour unavailable)
rPois    .         Reflect  .   (helmet restricted)
rElec    .         Harm     .   (no cloak)
rCorr    .                      (no gloves)
MR       .....                  (no boots)
Stlth    ++........             (no amulet)
HPRegen  0.06/turn              (no ring)
MPRegen  0.09/turn              (no ring)

@: no status effects
A: unfitting armour, cold-blooded, AC +4
a: no special abilities


You were on level 2 of the Dungeon.
You were hungry.

You visited 1 branch of the dungeon, and saw 2 of its levels.

You collected 36 gold pieces.

Inventory:

Hand Weapons
 c - a +0 short sword (weapon)
Scrolls
 a - 2 scrolls of remove curse {unknown}
 e - a scroll of teleportation {unknown}
 g - 2 scrolls of identify {unknown}
Potions
 d - a potion of degeneration {unknown}
 h - a potion of resistance {unknown}
Comestibles
 b - a ration


   Skills:
 + Level 0.7 Short Blades
 + Level 1.9 Dodging
 + Level 1.9 Stealth
 * Level 2.2 Spellcasting
 * Level 4.4 Conjurations


You had 2 spell levels left.
You knew the following spells:

 Your Spells              Type           Power        Failure   Level  Hunger
a - Magic Dart            Conj           ###.         3%          1    #......
b - Searing Ray           Conj           ###...       5%          2    ###....

Your spell library contained the following spells:

 Spells                   Type           Power        Failure   Level  Hunger
 Dazzling Flash           Conj/Hex       #.....       26%         3    ###....
 Fulminant Prism          Conj/Hex       #.........   65%         4    #####..
 Iskenderun's Mystic Bla  Conj/Tloc      #.......     65%         4    #####..


Dungeon Overview and Level Annotations

Branches:
Dungeon (2/15)

Altars:


Innate Abilities, Weirdness & Mutations

Your plain brown scales are hard. (AC +4)
You cannot fit into any form of body armour.
You are cold-blooded and may be slowed by cold attacks.


Message History

Press: ? - help, Shift-Dir - straight line, f/p - gnoll
Aim: a gnoll, wielding a +0 club (severely wounded)
The magic dart hits the gnoll.
The gnoll is almost dead.
You are feeling hungry.
The gnoll closely misses you.
Casting: Magic Dart (safe; 3% risk of failure)
Confirm with . or Enter, or press ? or * to list all spells.
Aiming: Magic Dart (safe; 3% risk of failure)
Press: ? - help, Shift-Dir - straight line, f/p - gnoll
Aim: a gnoll, wielding a +0 club (almost dead)
The magic dart hits the gnoll but does no damage.
The gnoll is almost dead.
The dart slug launches a dart at you. The slug dart hits you.
* * * LOW HITPOINT WARNING * * *
The gnoll hits you but does no damage.
There is a stone staircase leading up here.
The gnoll hits you with a +0 club!
You die...

#####
.######...####...
........g........
.......wg@#
.#####g#### ...
..##. ... .. ..
.. # .#. ##.


You could see 3 gnolls and a dart slug.

Vanquished Creatures
  2 dart slugs (D:1)
  4 bats (D:1)
  A giant cockroach (D:1)
  2 goblins (D:1)
  2 hobgoblins (D:1)
  7 kobolds (D:1)
  3 rats (D:1)
21 creatures vanquished.

Notes
Turn   | Place    | Note
-------+----------+-------------------------------------------
     0 | D:1      | mrtonic the Draconian Conjurer began the quest for the Orb.
     0 | D:1      | Reached XP level 1. HP: 14/14 MP: 3/3
   600 | D:1      | Reached XP level 2. HP: 20/20 MP: 1/5
  1286 | D:2      | Learned a level 2 spell: Searing Ray
  1301 | D:2      | Slain by a gnoll

Illustrated notes

Levels and vault maps discovered:
D:1:      lemuel_arrival_rhombus, layout_basic
D:2:      layout_loops_ring, nicolae_ashenzari_panopticon

Action                   || total
-------------------------++-------
Melee: Short sword       ||    49
       Unarmed           ||     4
       Tailslap          ||     9
 Cast: Magic Dart        ||    20
 Stab: Sleeping          ||     1
  Eat: Chunk             ||     1
Armor: Skin              ||    24
Dodge: Dodged            ||    35

Table legend:
 A = Non-vault XP
 B = Vault XP
 C = Vault XP percentage of total XP
 D = Non-vault monster count
 E = Vault monster count
 F = Vault count percentage of total count
                 A         B        C        D         E       F
            +---------+---------+-------+---------+---------+-------
      Total |      37 |       0 |   0.0 |      21 |       0 |   0.0
            +---------+---------+-------+---------+---------+-------
        D:1 |      37 |       0 |   0.0 |      21 |       0 |   0.0
            +---------+---------+-------+---------+---------+-------
